% Time on Ice - CALGARY FIREMEN
Lines # - Real PCT - Wanted PCT - Time Play
Normal Forward
1 - 30% - 33% - 16:21
2 - 29% - 32% - 15:25
3 - 25% - 25% - 13:24
4 - 16% - 10% - 8:53
Normal Defense
1 - 31% - 33% - 16:50
2 - 35% - 32% - 18:42
3 - 29% - 25% - 15:29
4 - 6% - 10% - 3:02
PP Forward
1 - 39% - 55% - 0:46
2 - 61% - 45% - 1:13
PP Defense
1 - 61% - 55% - 1:13
2 - 39% - 45% - 0:46
PK Forward
1 - 58% - 55% - 2:18
2 - 42% - 45% - 1:40
PK Defense
1 - 50% - 55% - 1:58
2 - 50% - 45% - 2:00
PK3 Forward
1 - 0% - 55%
2 - 0% - 45%
PK3 Defense
1 - 0% - 55%
2 - 0% - 45%
44 Forward
1 - 0% - 55%
2 - 0% - 45%
44 Defense
1 - 0% - 55%
2 - 0% - 45%
Last Minute Offensive  - 0:00
Last Minute Defensive  - 0:00
Total
Forward - 60:00
Defense - 60:00
% Time on Ice - SPOKANE KNIGHTS
Lines # - Real PCT - Wanted PCT - Time Play
Normal Forward
1 - 30% - 30% - 16:15
2 - 28% - 30% - 15:06
3 - 19% - 20% - 10:20
4 - 23% - 20% - 12:22
Normal Defense
1 - 35% - 30% - 18:48
2 - 26% - 30% - 13:50
3 - 31% - 25% - 16:43
4 - 9% - 15% - 4:42
PP Forward
1 - 53% - 55% - 2:07
2 - 47% - 45% - 1:51
PP Defense
1 - 53% - 60% - 2:07
2 - 47% - 40% - 1:51
PK Forward
1 - 66% - 60% - 1:19
2 - 34% - 40% - 0:40
PK Defense
1 - 58% - 60% - 1:09
2 - 42% - 40% - 0:50
PK3 Forward
1 - 0% - 55%
2 - 0% - 45%
PK3 Defense
1 - 0% - 55%
2 - 0% - 45%
44 Forward
1 - 0% - 55%
2 - 0% - 45%
44 Defense
1 - 0% - 55%
2 - 0% - 45%
Last Minute Offensive  - 0:00
Last Minute Defensive  - 0:00
Total
Forward - 60:00
Defense - 60:00
Play-by-Play 1st period 0:01 of 1st period - Nicklas Backstrom wins face-off versus Filip Forsberg in neutral zone. 0:15 of 1st period - Corey Perry is hit by Joel Edmundson and loses puck. 0:29 of 1st period - Off-side. 0:30 of 1st period - Joseph Veleno wins face-off versus Mason Marchment in neutral zone. 0:38 of 1st period - Shot by Oskar Lindblom. 0:38 of 1st period - Stopped by Frederik Andersen with a rebound. 0:47 of 1st period - Off-side. 0:48 of 1st period - Shane Pinto wins face-off versus Yakov Trenin in neutral zone. 1:01 of 1st period - Shot by Sonny Milano. 1:01 of 1st period - Deflect By Yakov Trenin. 1:01 of 1st period - Goal by Yakov Trenin - CALGARY FIREMEN : 1 - SPOKANE KNIGHTS : 0. 1:02 of 1st period - Quinton Byfield wins face-off versus Brett Howden in neutral zone. 1:10 of 1st period - Quinton Byfield is hit by Jake McCabe and loses puck. 1:11 of 1st period - Minor Penalty to Jake McCabe for Slashing. 1:12 of 1st period - Filip Forsberg wins face-off versus Joseph Veleno in CALGARY FIREMEN zone. 1:27 of 1st period - Shot by Joseph Veleno. 1:27 of 1st period - Stopped by Samuel Ersson without a rebound. 1:28 of 1st period - Shane Pinto wins face-off versus Jakob Silfverberg in CALGARY FIREMEN zone. 1:29 of 1st period - Shot by Jonathon Merrill. 1:29 of 1st period - Stopped by Samuel Ersson with a rebound. 2:37 of 1st period - Shot by Logan O'Connor. 2:37 of 1st period - Stopped by Samuel Ersson with a rebound. 2:39 of 1st period - Shot by Logan O'Connor. 2:39 of 1st period - Stopped by Samuel Ersson with a rebound. 2:41 of 1st period - Shot by Logan O'Connor. 2:41 of 1st period - Shot Misses the Net. 3:39 of 1st period - Shot by Yakov Trenin. 3:39 of 1st period - Stopped by Frederik Andersen with a rebound. 3:41 of 1st period - Shot by Yakov Trenin. 3:41 of 1st period - Deflect By Liam Foudy. 3:41 of 1st period - Stopped by Frederik Andersen without a rebound. 3:42 of 1st period - Nicklas Backstrom wins face-off versus Brett Howden in SPOKANE KNIGHTS zone. 3:42 of 1st period - Nicklas Backstrom is hit by Michael McCarron. 4:06 of 1st period - Shot by Rasmus Kupari. 4:06 of 1st period - Goal by Rasmus Kupari - CALGARY FIREMEN : 1 - SPOKANE KNIGHTS : 1. 4:07 of 1st period - Filip Forsberg wins face-off versus Joseph Veleno in neutral zone. 4:22 of 1st period - Shot by Jakob Silfverberg. 4:22 of 1st period - Shot Misses the Net. 4:45 of 1st period - Icing by Jacob Bryson. 4:46 of 1st period - Shane Pinto wins face-off versus Filip Forsberg in CALGARY FIREMEN zone. 5:11 of 1st period - Shot by Shane Pinto. 5:11 of 1st period - Stopped by Samuel Ersson without a rebound. 5:12 of 1st period - Nicklas Backstrom wins face-off versus Yakov Trenin in CALGARY FIREMEN zone. 5:33 of 1st period - Shot by Yakov Trenin. 5:33 of 1st period - Deflect By Sonny Milano. 5:33 of 1st period - Stopped by Frederik Andersen without a rebound. 5:34 of 1st period - Joseph Veleno wins face-off versus Oskar Lindblom in SPOKANE KNIGHTS zone. 6:28 of 1st period - Shot by Nicklas Backstrom. 6:28 of 1st period - Shot Blocked by Jordan Oesterle. 7:12 of 1st period - Shot by Filip Forsberg. 7:12 of 1st period - Shot Misses the Net. 7:17 of 1st period - Filip Forsberg is hit by David Jiricek and loses puck. 7:24 of 1st period - Shot by Jakob Silfverberg. 7:24 of 1st period - Stopped by Frederik Andersen without a rebound. 7:25 of 1st period - Quinton Byfield wins face-off versus Yakov Trenin in SPOKANE KNIGHTS zone. 7:36 of 1st period - Shot by Yakov Trenin. 7:36 of 1st period - Stopped by Frederik Andersen without a rebound. 7:37 of 1st period - Joseph Veleno wins face-off versus Brett Howden in SPOKANE KNIGHTS zone. 7:42 of 1st period - Shot by Joseph Veleno. 7:42 of 1st period - Deflect By Logan O'Connor. 7:42 of 1st period - Shot Misses the Net. 8:52 of 1st period - Shot by Mattias Janmark-Nylen. 8:52 of 1st period - Stopped by Frederik Andersen without a rebound. 8:53 of 1st period - Shane Pinto wins face-off versus Filip Forsberg in SPOKANE KNIGHTS zone. 8:53 of 1st period - Shane Pinto is hit by Filip Forsberg. 8:56 of 1st period - Icing by Cole Sillinger. 8:57 of 1st period - Shane Pinto wins face-off versus Yakov Trenin in SPOKANE KNIGHTS zone. 8:57 of 1st period - Shane Pinto is hit by Liam Foudy. 9:09 of 1st period - Minor Penalty to Nikita Zadorov for Holding. 9:10 of 1st period - Filip Forsberg wins face-off versus Joseph Veleno in CALGARY FIREMEN zone. 9:10 of 1st period - Filip Forsberg is hit by Logan O'Connor. 9:32 of 1st period - Shot by Logan O'Connor. 9:32 of 1st period - Stopped by Samuel Ersson without a rebound. 9:33 of 1st period - Filip Forsberg wins face-off versus Shane Pinto in CALGARY FIREMEN zone. 10:18 of 1st period - Shot by Jakob Silfverberg. 10:18 of 1st period - Shot Blocked by Jonathon Merrill. 10:20 of 1st period - Shot by Mason Marchment. 10:20 of 1st period - Deflect By Jakob Silfverberg. 10:20 of 1st period - Shot Misses the Net. 10:24 of 1st period - Shot by Mason Marchment. 10:24 of 1st period - Goal by Mason Marchment - CALGARY FIREMEN : 2 - SPOKANE KNIGHTS : 1. 10:25 of 1st period - Joseph Veleno wins face-off versus Filip Forsberg in neutral zone. 10:27 of 1st period - Off-side. 10:28 of 1st period - Joseph Veleno wins face-off versus Filip Forsberg in neutral zone. 10:55 of 1st period - Shot by Anthony Duclair. 10:55 of 1st period - Stopped by Samuel Ersson with a rebound. 10:59 of 1st period - Shot by Logan O'Connor. 10:59 of 1st period - Shot Blocked by Jake McCabe. 11:01 of 1st period - Shot by Chad Ruhwedel. 11:01 of 1st period - Shot Misses the Net. 11:03 of 1st period - Shot by Anthony Duclair. 11:03 of 1st period - Shot Misses the Net. 11:21 of 1st period - Shot by Kevin Stenlund. 11:21 of 1st period - Shot Misses the Net. 11:23 of 1st period - Shot by Jonathon Merrill. 11:23 of 1st period - Stopped by Samuel Ersson without a rebound. 11:24 of 1st period - Nicklas Backstrom wins face-off versus Mason Marchment in CALGARY FIREMEN zone. 11:27 of 1st period - Shot by Corey Perry. 11:27 of 1st period - Shot Blocked by Nikita Zadorov. 11:37 of 1st period - Shot by Ryan Johansen. 11:37 of 1st period - Stopped by Frederik Andersen without a rebound. 11:38 of 1st period - Filip Forsberg wins face-off versus Quinton Byfield in SPOKANE KNIGHTS zone. 11:41 of 1st period - Shot by Jakob Silfverberg. 11:41 of 1st period - Stopped by Frederik Andersen without a rebound. 11:42 of 1st period - Shane Pinto wins face-off versus Filip Forsberg in SPOKANE KNIGHTS zone. 11:53 of 1st period - Shot by Anthony Duclair. 11:53 of 1st period - Shot Misses the Net. 11:54 of 1st period - Minor Penalty to Cole Sillinger for Hooking. 11:55 of 1st period - Ryan Johansen wins face-off versus Anthony Duclair in SPOKANE KNIGHTS zone. 14:01 of 1st period - Shot by Kevin Stenlund. 14:01 of 1st period - Shot Misses the Net. 14:16 of 1st period - Kevin Stenlund is hit by Jacob Bryson and loses puck. 14:36 of 1st period - Nicklas Backstrom is hit by Colton White and loses puck. 14:50 of 1st period - Nicklas Backstrom is hit by Jacob Bryson and loses puck. 15:22 of 1st period - Joseph Veleno is hit by Colton White and loses puck. 16:57 of 1st period - Mason Marchment is hit by Luke Martin and loses puck. 17:37 of 1st period - Icing by Rasmus Kupari. 17:38 of 1st period - Nicklas Backstrom wins face-off versus Brett Howden in SPOKANE KNIGHTS zone. 17:55 of 1st period - Icing by Michael McCarron. 17:56 of 1st period - Joseph Veleno wins face-off versus Brett Howden in CALGARY FIREMEN zone. 18:01 of 1st period - Shot by Logan O'Connor. 18:01 of 1st period - Shot Misses the Net. 18:03 of 1st period - Shot by Logan O'Connor. 18:03 of 1st period - Deflect By Lias Andersson. 18:03 of 1st period - Stopped by Samuel Ersson with a rebound. 18:05 of 1st period - Shot by Logan O'Connor. 18:05 of 1st period - Shot Misses the Net. 18:14 of 1st period - Icing by Andrew Poturalski. 18:15 of 1st period - Shane Pinto wins face-off versus Brett Howden in CALGARY FIREMEN zone. 18:24 of 1st period - Brett Howden is hit by Cole Sillinger and loses puck. 18:37 of 1st period - Shot by Anthony Duclair. 18:37 of 1st period - Shot Misses the Net. 18:39 of 1st period - Shot by Shane Pinto. 18:39 of 1st period - Shot Misses the Net. 18:51 of 1st period - Shot by Cole Sillinger. 18:51 of 1st period - Shot Blocked by Brett Howden. 19:16 of 1st period - Shot by Rasmus Kupari. 19:16 of 1st period - Stopped by Samuel Ersson with a rebound. Goals for this period are 2 for CALGARY FIREMEN vs 1 for SPOKANE KNIGHTS. Shots for